TOP OF THE 1ST |
San Diego Smashers batting - Pitching for Moose Jaw Ghostbusters : RHP Ernesto Mendoza
|
Pitching: RHP Ernesto Mendoza
|
|
Batting: LHB Michael Myers
|
0-0: Called Strike 0-1: Swinging Strike 0-2: Ball 1-2: Strikes out looking
|
Batting: RHB Ricardo Guzmán
|
0-0: SINGLE (Flyball, 8LS)
|
Batting: LHB Ken Phillips
|
0-0: Called Strike 0-1: Fly out, F4 (Line Drive, 4)
|
Batting: RHB Marty Hendrickson
|
0-0: Ball Ricardo Guzmán is caught stealing 2nd base
|
Top of the 1st over - 0 run(s), 1 hit(s), 0 error(s), 0 left on base; San Diego 0 - Moose Jaw 0 |
BOTTOM OF THE 1ST |
Moose Jaw Ghostbusters batting - Pitching for San Diego Smashers : RHP Manuel González
|
Pitching: RHP Manuel González
|
|
Batting: SHB Carlos Córdova
|
0-0: Called Strike 0-1: Ball 1-1: Ball 2-1: Ball 3-1: Swinging Strike 3-2: Base on Balls
|
Batting: LHB Dave Stewart
|
0-0: Called Strike 0-1: Foul Ball, location: 2F 0-2: Ground out 5-3 (Groundball, 56S) Carlos Córdova to second
|
Batting: RHB John Major
|
0-0: Ball 1-0: Called Strike Carlos Córdova steals 3rd base 1-1: Ball 2-1: Foul Ball, location: 2F 2-2: Foul Ball, location: 2F 2-2: Foul Ball, location: 2F 2-2: Ball Wild Pitch! Carlos Córdova scores 3-2: Ground out 6-3 (Groundball, 6)
|
Batting: RHB Billy Mullins
|
0-0: Ball 1-0: Swinging Strike 1-1: Swinging Strike 1-2: Foul Ball, location: 2F 1-2: Strikes out swinging
|
Bottom of the 1st over - 1 run(s), 0 hit(s), 0 error(s), 0 left on base; San Diego 0 - Moose Jaw 1 |
TOP OF THE 2ND |
San Diego Smashers batting - Pitching for Moose Jaw Ghostbusters : RHP Ernesto Mendoza
|
Batting: RHB Marty Hendrickson
|
0-0: Ball 1-0: Called Strike 1-1: Foul Ball, location: 2F 1-2: Ground out 4-3 (Groundball, 34)
|
Batting: LHB Ramiro Martínez
|
0-0: Ball 1-0: Called Strike 1-1: Ball 2-1: Ball 3-1: Foul Ball, location: 2F 3-2: Base on Balls
|
Batting: RHB Gustavo Torres
|
0-0: Called Strike 0-1: Ball 1-1: Called Strike Ramiro Martínez steals 2nd base 1-2: Strikes out swinging
|
Batting: RHB Larry Turner
|
0-0: Called Strike 0-1: Ball 1-1: Foul Ball, location: 2F 1-2: Strikes out swinging
|
Top of the 2nd over - 0 run(s), 0 hit(s), 0 error(s), 1 left on base; San Diego 0 - Moose Jaw 1 |
BOTTOM OF THE 2ND |
Moose Jaw Ghostbusters batting - Pitching for San Diego Smashers : RHP Manuel González
|
Batting: LHB Will Vale
|
0-0: Ball 1-0: Swinging Strike 1-1: Fly out, F5 (Popup, 5L)
|
Batting: RHB Luis Miguel Sánchez
|
0-0: Ball 1-0: Called Strike 1-1: SOLO HOME RUN (Line Drive, 8LXD), Distance : 432 ft
|
Batting: SHB Martín Cruz
|
0-0: Called Strike 0-1: Ball 1-1: Swinging Strike 1-2: Fly out, F7 (Flyball, 7S)
|
Batting: RHB Don Turner
|
0-0: Called Strike 0-1: Fly out, F6 (Line Drive, 6M)
|
Bottom of the 2nd over - 1 run(s), 1 hit(s), 0 error(s), 0 left on base; San Diego 0 - Moose Jaw 2 |
TOP OF THE 3RD |
San Diego Smashers batting - Pitching for Moose Jaw Ghostbusters : RHP Ernesto Mendoza
|
Batting: LHB Joe Baker
|
0-0: Foul Ball, location: 2F 0-1: Ball 1-1: Fly out, F7 (Line Drive, 78M)
|
Batting: RHB Nate Atkinson
|
0-0: Swinging Strike 0-1: Ball 1-1: Foul Ball, location: 2F 1-2: Foul Ball, location: 2F 1-2: Ground out 5-3 (Groundball, 56)
|
Batting: LHB Michael Myers
|
0-0: Ball 1-0: Called Strike 1-1: Ball 2-1: Called Strike 2-2: Ball 3-2: Ground out 4-3 (Groundball, 4S)
|
Top of the 3rd over - 0 run(s), 0 hit(s), 0 error(s), 0 left on base; San Diego 0 - Moose Jaw 2 |
BOTTOM OF THE 3RD |
Moose Jaw Ghostbusters batting - Pitching for San Diego Smashers : RHP Manuel González
|
Batting: RHB Andrew Weatherly
|
0-0: Ball 1-0: Ball 2-0: Called Strike 2-1: Ball 3-1: Base on Balls
|
Batting: SHB Carlos Córdova
|
0-0: Swinging Strike 0-1: Foul Ball, location: 2F 0-2: Foul Ball, location: 2F 0-2: Ball 1-2: Ball 2-2: Ground out 4-3 (Groundball, 4MD) Andrew Weatherly to second
|
Batting: LHB Dave Stewart
|
0-0: Called Strike 0-1: Ball 1-1: Ground out 4-3 (Groundball, 4) Andrew Weatherly to third
|
Batting: RHB John Major
|
0-0: Ground out 4-3 (Groundball, 4)
|
Bottom of the 3rd over - 0 run(s), 0 hit(s), 0 error(s), 1 left on base; San Diego 0 - Moose Jaw 2 |
TOP OF THE 4TH |
San Diego Smashers batting - Pitching for Moose Jaw Ghostbusters : RHP Ernesto Mendoza
|
Batting: RHB Ricardo Guzmán
|
0-0: Swinging Strike 0-1: Ball 1-1: Fly out, F8 (Flyball, 78XD)
|
Batting: LHB Ken Phillips
|
0-0: Foul Ball, location: 2F 0-1: Called Strike 0-2: Strikes out swinging
|
Batting: RHB Marty Hendrickson
|
0-0: Called Strike 0-1: SINGLE (Groundball, 3D)
|
Batting: LHB Ramiro Martínez
|
0-0: SINGLE (Flyball, 8RS) Marty Hendrickson to second
|
Batting: RHB Gustavo Torres
|
0-0: Ball 1-0: SINGLE (Line Drive, 89S) Marty Hendrickson to third Ramiro Martínez to second
|
Batting: RHB Larry Turner
|
0-0: Ball 1-0: Ball 2-0: Called Strike 2-1: Swinging Strike 2-2: Foul Ball, location: 2F 2-2: Fielders Choice at 2nd, 6-4 (Groundball, 56D)
|
Top of the 4th over - 0 run(s), 3 hit(s), 0 error(s), 2 left on base; San Diego 0 - Moose Jaw 2 |
BOTTOM OF THE 4TH |
Moose Jaw Ghostbusters batting - Pitching for San Diego Smashers : RHP Manuel González
|
Batting: RHB Billy Mullins
|
0-0: Called Strike 0-1: Ball 1-1: SINGLE (Groundball, 56D)
|
Batting: LHB Will Vale
|
0-0: Foul Ball, location: 2F 0-1: Ball 1-1: SINGLE (Groundball, 34D) Billy Mullins to second Runner from 2nd tries for 3rd, SAFE, no throw
|
Batting: RHB Luis Miguel Sánchez
|
0-0: Ball 1-0: Called Strike 1-1: Foul Ball, location: 2F 1-2: Foul Ball, location: 2F 1-2: Strikes out swinging
|
Batting: SHB Martín Cruz
|
0-0: Called Strike 0-1: Ball 1-1: Called Strike 1-2: Foul Ball, location: 2F 1-2: Ball 2-2: Ground out 3-1 (Groundball, 34S) Will Vale to second
|
Batting: RHB Don Turner
|
0-0: 3-RUN HOME RUN (Flyball, 8LXD), Distance : 429 ft
|
Pitching: LHP Raymond Ritchie
|
|
Batting: RHB Andrew Weatherly
|
0-0: Ball 1-0: Foul Ball, location: 2F 1-1: Ball 2-1: Ground out 5-3 (Groundball, 56)
|
Bottom of the 4th over - 3 run(s), 3 hit(s), 0 error(s), 0 left on base; San Diego 0 - Moose Jaw 5 |
TOP OF THE 5TH |
San Diego Smashers batting - Pitching for Moose Jaw Ghostbusters : RHP Ernesto Mendoza
|
Batting: LHB Joe Baker
|
0-0: Called Strike 0-1: Ball 1-1: Foul Ball, location: 2F 1-2: Strikes out swinging
|
Batting: RHB Nate Atkinson
|
0-0: Ball 1-0: Called Strike 1-1: Foul Ball, location: 2F 1-2: Foul Ball, location: 2F 1-2: Foul Ball, location: 2F 1-2: Ball 2-2: Strikes out swinging
|
Batting: LHB Michael Myers
|
0-0: Ball 1-0: Ball 2-0: Foul Ball, location: 2F 2-1: Swinging Strike 2-2: Ball 3-2: Base on Balls
|
Batting: RHB Ricardo Guzmán
|
0-0: Called Strike 0-1: Ball Michael Myers steals 2nd base 1-1: Fly out, F8 (Flyball, 8LM)
|
Top of the 5th over - 0 run(s), 0 hit(s), 0 error(s), 1 left on base; San Diego 0 - Moose Jaw 5 |
BOTTOM OF THE 5TH |
Moose Jaw Ghostbusters batting - Pitching for San Diego Smashers : LHP Raymond Ritchie
|
Batting: SHB Carlos Córdova
|
0-0: Ground out 4-3 (Groundball, 4MD)
|
Batting: LHB Dave Stewart
|
0-0: Ground out 4-3 (Groundball, 34)
|
Batting: RHB John Major
|
0-0: Called Strike 0-1: Foul Ball, location: 2F 0-2: SINGLE (Groundball, 6D)
|
Batting: RHB Billy Mullins
|
0-0: Ball 1-0: Foul Ball, location: 2F 1-1: Foul Ball, location: 2F 1-2: Ball 2-2: Ball 3-2: 2-RUN HOME RUN (Flyball, 7D), Distance : 377 ft
|
Batting: LHB Will Vale
|
0-0: Ball 1-0: Swinging Strike 1-1: Ball 2-1: Ball 3-1: Called Strike 3-2: Base on Balls
|
Pitching: LHP Geoff Williams
|
|
Batting: RHB Luis Miguel Sánchez
|
0-0: Fielders Choice at 2nd, 5-4 (Groundball, 56)
|
Bottom of the 5th over - 2 run(s), 2 hit(s), 0 error(s), 0 left on base; San Diego 0 - Moose Jaw 7 |
TOP OF THE 6TH |
San Diego Smashers batting - Pitching for Moose Jaw Ghostbusters : RHP Ernesto Mendoza
|
Batting: LHB Ken Phillips
|
0-0: Called Strike 0-1: Ball 1-1: Called Strike 1-2: Ball 2-2: Foul Ball, location: 2F 2-2: Foul Ball, location: 2F 2-2: Foul Ball, location: 2F 2-2: Foul Ball, location: 2F 2-2: Ball 3-2: Foul Ball, location: 2F 3-2: TRIPLE (Line Drive, 9LS)
|
Batting: RHB Marty Hendrickson
|
0-0: Foul Ball, location: 2F 0-1: Foul Ball, location: 2F 0-2: Foul Ball, location: 2F 0-2: Ground out U3 (Groundball, 34) Ken Phillips scores
|
Batting: LHB Ramiro Martínez
|
0-0: Ball 1-0: Called Strike 1-1: Ball 2-1: Ball 3-1: Foul Ball, location: 2F 3-2: Strikes out swinging
|
Batting: RHB Gustavo Torres
|
0-0: Ball 1-0: Ball 2-0: Foul Ball, location: 2F 2-1: Foul Ball, location: 2F 2-2: Ground out 6-3 (Groundball, 6)
|
Top of the 6th over - 1 run(s), 1 hit(s), 0 error(s), 0 left on base; San Diego 1 - Moose Jaw 7 |
BOTTOM OF THE 6TH |
Moose Jaw Ghostbusters batting - Pitching for San Diego Smashers : LHP Geoff Williams
|
Batting: SHB Martín Cruz
|
0-0: Ball 1-0: Called Strike 1-1: SINGLE (Flyball, 89S)
|
Batting: RHB Don Turner
|
0-0: Ball 1-0: Swinging Strike 1-1: Reached on error, E6 (Groundball, 6) Martín Cruz to second
|
Batting: RHB Andrew Weatherly
|
0-0: Called Strike 0-1: Called Strike 0-2: Ball 1-2: Ball 2-2: Ball 3-2: Grounds into double play, 1-6-3 (Groundball, P) Martín Cruz to third
|
Batting: SHB Carlos Córdova
|
0-0: Called Strike 0-1: Foul Ball, location: 2F 0-2: Ground out 1-3 (Groundball, P)
|
Bottom of the 6th over - 0 run(s), 1 hit(s), 1 error(s), 1 left on base; San Diego 1 - Moose Jaw 7 |
TOP OF THE 7TH |
San Diego Smashers batting - Pitching for Moose Jaw Ghostbusters : RHP Ernesto Mendoza
|
Pitching: RHP Bill Jones
|
|
Batting: RHB Larry Turner
|
0-0: Called Strike 0-1: Swinging Strike 0-2: Foul Ball, location: 2F 0-2: SOLO HOME RUN (Flyball, 7LD), Distance : 350 ft
|
Batting: LHB Joe Baker
|
0-0: Ball 1-0: Called Strike 1-1: Called Strike 1-2: Foul Ball, location: 2F 1-2: Strikes out swinging
|
Batting: RHB Nate Atkinson
|
0-0: Called Strike 0-1: SINGLE (Groundball, 6MD)
|
Batting: LHB Michael Myers
|
0-0: Called Strike 0-1: Fly out, F9 (Flyball, 9LD)
|
Batting: RHB Ricardo Guzmán
|
0-0: Ball 1-0: Called Strike 1-1: DOUBLE (Line Drive, 7LM) Nate Atkinson to third
|
Batting: LHB Ken Phillips
|
0-0: SINGLE (Groundball, 4D) Nate Atkinson scores Ricardo Guzmán to third Runner from 3rd tries for Home, SAFE, no throw
|
Pitching: RHP José Estrada
|
|
Batting: RHB Marty Hendrickson
|
0-0: Ball 1-0: Foul Ball, location: 2F 1-1: Ball 2-1: Ball 3-1: Base on Balls Ken Phillips to second
|
Batting: LHB Ramiro Martínez
|
0-0: Ball 1-0: Ball 2-0: Called Strike 2-1: TRIPLE (Flyball, 89XD) Ken Phillips scores Marty Hendrickson scores
|
Pinch Hitting: RHB Armando Colón
|
0-0: Ground out 5-3 (Groundball, 56S)
|
Top of the 7th over - 5 run(s), 5 hit(s), 0 error(s), 1 left on base; San Diego 6 - Moose Jaw 7 |
BOTTOM OF THE 7TH |
Moose Jaw Ghostbusters batting - Pitching for San Diego Smashers : LHP Geoff Williams
|
Now in LF: Armando Colón
|
|
Batting: LHB Dave Stewart
|
0-0: Swinging Strike 0-1: Ball 1-1: Ball 2-1: SINGLE (Groundball, 4MD)
|
Batting: RHB John Major
|
0-0: Ball 1-0: Called Strike 1-1: 2-RUN HOME RUN (Flyball, 7D), Distance : 375 ft
|
Pitching: RHP Joe Shoemaker
|
|
Batting: RHB Billy Mullins
|
0-0: Called Strike 0-1: Hit by Pitch
|
Batting: LHB Will Vale
|
0-0: Foul Ball, location: 2F 0-1: Ball 1-1: Ball 2-1: Ball 3-1: Base on Balls Billy Mullins to second
|
Batting: RHB Luis Miguel Sánchez
|
0-0: Called Strike 0-1: Sac Bunt - play at first, batter OUT! 5-3 Billy Mullins to third Will Vale to second
|
Batting: SHB Martín Cruz
|
0-0: Ground out 4-3 (Groundball, 34)
|
Batting: RHB Don Turner
|
0-0: Ball 1-0: Ground out 6-3 (Groundball, 6)
|
Bottom of the 7th over - 2 run(s), 2 hit(s), 0 error(s), 2 left on base; San Diego 6 - Moose Jaw 9 |
TOP OF THE 8TH |
San Diego Smashers batting - Pitching for Moose Jaw Ghostbusters : RHP José Estrada
|
Batting: RHB Larry Turner
|
0-0: Called Strike 0-1: Ball 1-1: Ball 2-1: Ball 3-1: Called Strike 3-2: Strikes out looking
|
Batting: LHB Joe Baker
|
0-0: Called Strike 0-1: Called Strike 0-2: Strikes out looking
|
Batting: RHB Nate Atkinson
|
0-0: SOLO HOME RUN (Flyball, 7D), Distance : 372 ft
|
Batting: LHB Michael Myers
|
0-0: Ball 1-0: Ball 2-0: Swinging Strike 2-1: Foul Ball, location: 2F 2-2: Ball 3-2: Foul Ball, location: 2F 3-2: Foul Ball, location: 2F 3-2: DOUBLE (Line Drive, 8RM)
|
Pitching: RHP Whit Johnson
|
|
Batting: RHB Ricardo Guzmán
|
0-0: Ball 1-0: Fly out, F8 (Flyball, 8LM)
|
Top of the 8th over - 1 run(s), 2 hit(s), 0 error(s), 1 left on base; San Diego 7 - Moose Jaw 9 |
BOTTOM OF THE 8TH |
Moose Jaw Ghostbusters batting - Pitching for San Diego Smashers : RHP Joe Shoemaker
|
Batting: RHB Andrew Weatherly
|
0-0: Ball 1-0: Ball 2-0: Ball 3-0: Called Strike 3-1: Base on Balls
|
Batting: SHB Carlos Córdova
|
0-0: Bunted foul 0-1: Sac Bunt - play at first, batter OUT! 1-4 Andrew Weatherly to second
|
Pitching: LHP Rafael Alemán
|
|
Batting: LHB Dave Stewart
|
0-0: Ball 1-0: Ball 2-0: Foul Ball, location: 2F 2-1: SINGLE (Groundball, 4MD) Andrew Weatherly to third Runner from 3rd tries for Home, SAFE, throw made home Dave Stewart to second
|
Pitching: LHP Jesús Martínez
|
|
Batting: RHB John Major
|
0-0: Swinging Strike 0-1: Foul Ball, location: 2F 0-2: Ball 1-2: Strikes out swinging
|
Batting: RHB Billy Mullins
|
0-0: Ball 1-0: Ball 2-0: Ball 3-0: Base on Balls
|
Batting: LHB Will Vale
|
0-0: Foul Ball, location: 2F 0-1: Called Strike 0-2: Ball 1-2: Foul Ball, location: 2F 1-2: Ball 2-2: Ball 3-2: Strikes out looking
|
Bottom of the 8th over - 1 run(s), 1 hit(s), 0 error(s), 2 left on base; San Diego 7 - Moose Jaw 10 |
TOP OF THE 9TH |
San Diego Smashers batting - Pitching for Moose Jaw Ghostbusters : RHP Whit Johnson
|
Pitching: RHP Bennett Greer
|
|
Batting: LHB Ken Phillips
|
0-0: Ball 1-0: Ball 2-0: Called Strike 2-1: Ground out 3-1 (Groundball, 34)
|
Batting: RHB Marty Hendrickson
|
0-0: Called Strike 0-1: Ball 1-1: Fly out, F5 (Line Drive, 5)
|
Batting: LHB Ramiro Martínez
|
0-0: Ball 1-0: Ball 2-0: DOUBLE (Groundball, 3L)
|
Batting: RHB Armando Colón
|
0-0: Called Strike 0-1: Ball 1-1: Fly out, F8 (Flyball, 8LS)
|
Top of the 9th over - 0 run(s), 1 hit(s), 0 error(s), 1 left on base; San Diego 7 - Moose Jaw 10 |
|